 Dungeon Crawl Stone Soup version 0.19-a0-330-g034cfd4 (webtiles) character file.

269 Gorice the Cudgeler (level 6, -3/47 HPs)
             Began as a Mummy Chaos Knight on May 28, 2016.
             Slain by a killer bee (4 damage)
             ... on level 3 of the Dungeon.
             The game lasted 00:10:26 (3704 turns).

Gorice the Cudgeler (Mummy Chaos Knight)            Turns: 3704, Time: 00:10:27

Health: -3/47      AC:  6    Str: 18    XL:     6   Next: 1%
Magic:  6/6        EV: 11    Int: 11    God:    Xom [*.....]
Gold:   190        SH:  0    Dex: 11    Spells: 0 memorised, 5 levels left

rFire  x . .     SeeInvis .     a - +0 whip (drain)
rCold  + . .     Gourm    .     p - +0 ring mail (curse)
rNeg   + + +     Faith    .     (no shield)
rPois  ∞         Spirit   .     (no helmet)
rElec  .         Dismiss  .     (no cloak)
rCorr  .         Reflect  .     (no gloves)
SustAt .         Harm     .     j - +0 pair of boots
MR     .....                    (no amulet)
Stlth  +.........               (no ring)
                                (no ring)

@: not resistant to hostile enchantments, very unstealthy
A: no food or potions, fire vulnerability, cold resistance 1, negative energy
resistance 3, torment resistance, unbreathing
a: Renounce Religion


You were on level 3 of the Dungeon.
You worshipped Xom.
You were a special plaything of Xom.
You were not hungry.

You visited 1 branch of the dungeon, and saw 4 of its levels.

You collected 190 gold pieces.

Inventory:

Hand Weapons
 a - a +0 whip of draining (weapon)
   (You took it off a kobold on level 2 of the Dungeon)
 i - a +0 mace of chaos
 n - a +0 dagger of venom
   (You found it on level 4 of the Dungeon)
Missiles
 o - 23 sling bullets
 Z - 45 stones (quivered)
Armour
 b - a +2 leather armour
 d - a +0 scale mail
 j - a +0 pair of boots (worn)
 p - a cursed +0 ring mail (worn)
Wands
 l - a wand of polymorph (0/24)
Scrolls
 c - a scroll of enchant armour
 e - 2 scrolls of amnesia
 f - a scroll of fog
 g - a scroll of immolation {unknown}
 h - 2 scrolls of recharging {unknown}
 m - a scroll of enchant weapon {unknown}
Books
 k - a book of Callings


   Skills:
 - Level 3.4 Fighting
 * Level 5.0 Maces & Flails
 - Level 2.1 Armour
 - Level 1.3 Dodging


You had 5 spell levels left.
You didn't know any spells.

Dungeon Overview and Level Annotations

Branches:
Dungeon (4/15)
 Temple: D:4-7

Altars:
Nemelex Xobeh
Pakellas
Vehumet
The Shining One

Annotations:
D:3 pUX
D:4 Edmund


Innate Abilities, Weirdness & Mutations

You do not eat or drink.
Your flesh is vulnerable to fire.
You are immune to poison.
Your flesh is cold resistant. (rC+)
You are immune to negative energy. (rN+++)
You are immune to unholy pain and torment.
You can survive without breathing.


Message History

The killer bee stings you. The killer bee barely misses you.
You're too confused to move!
The killer bee stings you. The killer bee stings you!
Damage: 8 (max 8)
You bump into the rock wall.
The killer bee barely misses you. The goblin hits you with a club.
The killer bee stings you.
Damage: 3 (max 8) Unknown command.
The killer bee stings you but does no damage.
The killer bee stings you.
* * * LOW HITPOINT WARNING * * *
Damage: 6 (max 8)
You bump into the rock wall.
You feel less confused. The killer bee closely misses you.
The killer bee misses you.
The killer bee stings you but does no damage.
Unknown command.
Unknown command.
Unknown command.
Read which item? (? for menu, Esc to quit)
Okay, then.
You miss the killer bee.
The killer bee stings you but does no damage.
You miss the killer bee.
The killer bee stings you but does no damage.
The killer bee barely misses you.
You hit the killer bee but do no damage.
The killer bee stings you.
* * * LOW HITPOINT WARNING * * *
The killer bee stings you but does no damage.
Damage: 6 (max 8)
You hit the killer bee but do no damage.
The killer bee stings you.
* * * LOW HITPOINT WARNING * * *
You emit a cloud of colourful smoke!
You completely miss the killer bee. The killer bee closely misses you.
The killer bee stings you.
* * * LOW HITPOINT WARNING * * *
Damage: 11 (max 11) Unknown command.
You hit the killer bee.
The killer bee is moderately wounded.
The killer bee stings you.
* * * LOW HITPOINT WARNING * * *
The killer bee barely misses you.
Damage: 6 (max 11)
You barely miss the killer bee.
The killer bee is moderately wounded.
The killer bee stings you.
You die...

####....###########y#......##.#.#
######>.o........................
......by...g.....##.##........#.#
.......#########.#..##.######.#..
.........................≈≈♣♣≈♣♣≈
......#.#......#.#..#≈♣≈≈♣♣≈♣≈♣♣♣
......#.........g...≈♣≈♣≈♣≈≈≈≈≈≈≈
......##......§#y#♣♣≈P≈P≈≈P≈≈≈≈≈≈
...............§@♣≈P≈≈♣≈≈≈≈≈≈≈≈≈≈
......##.#######§§≈P≈P≈≈P≈≈≈≈≈≈≈≈
...............♣≈P≈≈≈≈≈≈≈≈≈≈≈≈≈≈≈
##.###.......)#♣♣P♣≈≈≈≈≈≈≈≈≈≈≈≈≈≈
...# #........#≈≈≈≈≈♣≈≈≈≈≈≈≈≈≈≈≈≈
...# #........'.≈≈≈≈♣≈≈♣≈≈≈≈≈≈≈≈≈
##.###........#.#≈♣≈≈P≈≈≈≈P≈≈≈≈≈≈
#......########....≈≈≈≈♣≈≈≈≈≈≈≈≈≈
#..................)♣≈♣≈P♣≈≈P≈≈≈≈


You could see a killer bee and a goblin.

Vanquished Creatures
  A howler monkey (D:4)
  A crimson imp (D:4)
  A hound (D:4)
  An orc priest (D:2)
  Natasha (D:3)
  4 adders
  An ooze (D:1)
  2 worms
  8 giant geckos
  4 orcs (D:3)
  5 bats
  2 giant cockroaches
  4 goblins
  5 hobgoblins
  8 kobolds
  A ball python (D:3)
  3 giant newts
  A goblin skeleton (D:4)
  A hobgoblin zombie (D:4)
  2 kobold zombies (D:4)
  3 orc skeletons (D:4)
  An orc zombie (D:4)
  7 rats
67 creatures vanquished.

Vanquished Creatures (collateral kills)
  A rat (D:1)
1 creature vanquished.

Grand Total: 68 creatures vanquished

Notes
Turn   | Place    | Note
--------------------------------------------------------------
     0 | D:1      | Gorice the Mummy Chaos Knight began the quest for the Orb.
     0 | D:1      | Reached XP level 1. HP: 18/18 MP: 1/1
    82 | D:1      | Reached skill level 1 in Dodging
   105 | D:1      | XOM: silly message
   109 | D:1      | XOM: harmless Conj miscast
   194 | D:1      | Reached XP level 2. HP: 24/24 MP: 2/2
   292 | D:1      | XOM: harmless Tloc miscast
   685 | D:1      | XOM: cast spell 'Cause Fear'
   814 | D:2      | XOM: fog
   865 | D:1      | Reached XP level 3. HP: 27/29 MP: 3/3
   949 | D:2      | Reached skill level 2 in Armour
  1179 | D:2      | Found an oddly glowing altar of Pakellas.
  1231 | D:2      | Reached skill level 3 in Maces & Flails
  1239 | D:2      | Found a sparkling altar of Nemelex Xobeh.
  1239 | D:2      | XOM: god gift: 22 gold pieces {god gift}
  1282 | D:2      | Reached XP level 4. HP: 35/35 MP: 4/4
  1461 | D:3      | Found a radiant altar of Vehumet.
  1560 | D:3      | XOM: noise
  1653 | D:3      | XOM: mild Conj miscast
  1893 | D:3      | XOM: polymorph adder -> killer bee
  2013 | D:4      | XOM: mild Conj miscast
  2273 | D:4      | XOM: stat loss: -1 Int (10/11)
  2298 | D:4      | Found a glowing golden altar of the Shining One.
  2342 | D:4      | XOM: blink monster(s)
  2383 | D:4      | XOM: mild Fire miscast
  2384 | D:4      | XOM: harmless Conj miscast
  2390 | D:4      | Reached skill level 4 in Maces & Flails
  2390 | D:4      | Reached XP level 5. HP: 30/41 MP: 5/5
  2415 | D:4      | XOM: potion effect (agility)
  2579 | D:4      | Noticed Edmund
  2587 | D:4      | XOM: potion effect (invisibility)
  2592 | D:4      | XOM: severe Tmut miscast
  2592 | D:4      | HP: 7/41 [something (25)]
  2791 | D:2      | XOM: summons 2 hostile demons
  3158 | D:3      | Noticed Natasha
  3187 | D:3      | XOM: confusion
  3191 | D:3      | HP: 11/41 [Natasha (5)]
  3193 | D:3      | HP: 2/41 [Natasha (5)]
  3194 | D:3      | Killed Natasha
  3194 | D:3      | Reached skill level 5 in Maces & Flails
  3552 | D:3      | Reached XP level 6. HP: 41/47 MP: 6/6
  3689 | D:3      | XOM: confusion
  3701 | D:3      | HP: 12/47 [killer bee (6)]
  3701 | D:3      | XOM: smoke on damage
  3703 | D:3      | HP: 1/47 [killer bee (6)]
  3704 | D:3      | Slain by a killer bee

Vault maps used:
D:1:      lightli_arrival_boilingwater
D:2:      lemuel_round_altar, nemelex_xobeh_ov_fountains_minmay
D:3:      lemuel_coloured_pillars_altar, serial_bayou_lake_a, uniq_natasha
D:4:      nicolae_tso_besieged_by_evil, uniq_edmund, uniq_crazy_yiuf_cottage

Skill      XL: |  1  2  3  4  5 |
---------------+----------------+-----
Dodging        | 1 |  1.3
Armour         | 2 |  2.1
Maces & Flails | 3 4 5 |  5.0
Fighting       | |  3.4

Action                   |  1- 3 |  4- 6 || total
-------------------------+-------+-------++-------
Melee: Mace              |    66 |     4 ||    70
       Whip              |    16 |   244 ||   260
Throw: Stone             |     8 |       ||     8
Evoke: Wand              |       |     3 ||     3
  Use: Scroll            |       |     3 ||     3
 Stab: Paralysed         |     1 |       ||     1
Armor: Leather armour    |    29 |    65 ||    94
       Ring mail         |       |    15 ||    15
Dodge: Dodged            |    65 |   150 ||   215

Table legend:
 A = Turns spent in this place as a percentage of turns spent in the entire game.
 B = Non-inter-level travel turns spent in this place as a percentage of non-inter-level travel turns spent in the entire game.
 C = Inter-level travel turns spent in this place as a percentage of turns spent in this place.
 D = Turns resting spent in this place as a percentage of non-inter-level travel turns spent in this place.
 E = Turns spent auto-exploring this place as a percentage of non-inter-level travel turns spent in this place.
 F = Non-inter-level travel turns spent in this place divided by the number of levels of this place that you've seen.
                   A       B       C       D       E      F
               +-------+-------+-------+-------+-------+----------------------
         Total | 100.0 | 100.0 |   0.2 |   2.1 |   6.0 | 314.8
       Dungeon | 100.0 | 100.0 |   0.2 |   2.1 |   6.0 | 314.8
               +-------+-------+-------+-------+-------+----------------------

Vault maps used:
D:1:      lightli_arrival_boilingwater
D:2:      lemuel_round_altar, nemelex_xobeh_ov_fountains_minmay
D:3:      lemuel_coloured_pillars_altar, serial_bayou_lake_a, uniq_natasha
D:4:      nicolae_tso_besieged_by_evil, uniq_edmund, uniq_crazy_yiuf_cottage
